AoeStats
← Fenix

Arena

508875412Analyzed
1v1 RM · 8d ago on Sep 24, 2026· 17m 24s· 2 players
Game mode
Random Map
Map size
Tiny (2 player)
Population
200
Speed
Normal
Resources
Standard
Victory
Conquest
Starting age
Dark Age
Ending age
Imperial Age
RankedLock teamsTeams togetherTeam positionsShared explorationLock speedFull tech treeHidden civsTurbo modeCheats
Victory
Defeat
🇸🇬 Cumans · Singapore
1518
+14
🇵🇪 Wu · Peru
1480
-14
Fenix
11:29 Feudal Age
12:44 Double-Bit Axe
12:40 Horse Collar
14:57 Loom
14:41 Man-at-Arms
executable
5:58 Loom
9:27 Feudal Age
11:03 Fletching
Connection lost

Rejoining the realm…

Still unreachable

The connection could not be restored.

Session expired

The server has moved on; the page needs a fresh start.